 Dungeon Crawl Stone Soup version 0.26-a0-651-gb41185065b (webtiles) character file.

Game seed: 10540168292418144986

11710 kae the Grappler (level 11, -2/106 HPs)
             Began as a Naga Transmuter on Oct 29, 2020.
             Was an Elder of Cheibriados.
             Slain by a white ugly thing (14 damage)
             ... on level 11 of the Dungeon.
             The game lasted 00:12:45 (13737 turns).

kae the Grappler (Naga Transmuter)                 Turns: 13737, Time: 00:12:46

Health: -2/106     AC:  7    Str: 23 (26) XL:     11   Next: 82%
Magic:  17/17      EV: 13    Int: 20 (22) God:    Cheibriados [****..]
Gold:   1113       SH:  0    Dex: 19 (20) Spells: 5/18 levels left

rFire    + . .     SeeInvis +     - Unarmed
rCold    + . .     Faith    .   (no shield)
rNeg     . . .     Spirit   .   a - +0 robe
rPois    +         Reflect  .   (no helmet)
rElec    .         Harm     .   l - scarf {rC+ rF+}
rCorr    .         Rampage  .   e - +2 pair of gloves
MR       +....     Rnd*Rage +   (no barding)
Stlth    ++........             h - amulet of regeneration
HPRegen  0.67/turn              (no ring)
MPRegen  0.15/turn              (no ring)

@: very slow
A: large, see invisible, berserk 1, deformed body, poison resistance, robust 1,
slowness 2, spit poison 1, AC +3
a: Spit Poison, Bend Time, Temporal Distortion, Slouch, Renounce Religion


You were on level 11 of the Dungeon.
You worshipped Cheibriados.
Cheibriados was greatly pleased with you.
You visited 2 branches of the dungeon, and saw 12 of its levels.

You collected 1113 gold pieces.

Inventory:

Hand Weapons
 b - a +3 mace
Armour
 a - a +0 robe (worn)
 e - a +2 pair of gloves (worn)
 l - a scarf of resistance (worn)
Jewellery
 h - an amulet of regeneration (around neck)
 t - an uncursed amulet of reflection
 u - an uncursed ring of flight {unknown}
 z - a +4 ring of evasion {unknown}
 E - an uncursed ring of resist corrosion {unknown}
Wands
 y - a wand of flame (31)
Scrolls
 i - a scroll of identify
 n - a scroll of fog
 r - 3 scrolls of enchant armour
 v - 3 scrolls of random uselessness
 x - 6 scrolls of remove curse
Potions
 c - 2 potions of resistance
 d - 3 potions of brilliance
 f - a potion of berserk rage
 g - 3 potions of curing
 j - a potion of flight
 k - a potion of magic
 m - 3 potions of cancellation
 o - 3 potions of stabbing
 s - 2 potions of degeneration
 C - 2 potions of might


   Skills:
 - Level 6.0 Fighting
 - Level 5.0 Dodging
 - Level 11.0 Unarmed Combat
 - Level 4.0 Spellcasting
 - Level 11.0 Transmutations
 + Level 5.9 Invocations


You had 5 spell levels left.
You knew the following spells:

 Your Spells              Type           Power        Failure   Level
a - Beastly Appendage     Tmut           #####.       1%          1
b - Spider Form           Tmut/Pois      ####......   4%          3
c - Blade Hands           Tmut           #####.....   3%          5
d - Ice Form              Ice/Tmut       ####....     13%         4

Your spell library contained the following spells:

 Spells                   Type           Power        Failure   Level
 Wereblood                Tmut           #####...     1%          2


Dungeon Overview and Level Annotations

Branches:
Dungeon (11/15)            Temple (1/1) D:7            Lair (0/6) D:9
    Orc (0/2) D:11

Altars:
Ashenzari
Cheibriados
Dithmenos
Elyvilon
Fedhas
Gozag
Hepliaklqana
Kikubaaqudgha
Makhleb
Nemelex Xobeh
Okawaru
Qazlal
Ru
Sif Muna
Trog
Uskayaw
Vehumet
Wu Jian
Xom
Yredelemnul
Zin
The Shining One

Shops:
D:7 *   D:10 *

Annotations:
D:7 2 transporters, HunterMK's ghost, novice FoFi


Innate Abilities, Weirdness & Mutations

You cannot wear boots.
Your serpentine skin is tough. (AC +3)
You have supernaturally acute eyesight. (SInv)
Armour fits poorly on your strangely shaped body.
Your system is resistant to poisons. (rPois)
You cover ground very slowly.
You can spit poison.
You tend to lose your temper in combat.
You are robust. (+10% HP)


Message History

You're too confused to move!
The purple ugly thing bites you. The purple ugly thing trunk-slaps you.
The purple ugly thing bites you!
* * * LOW HITPOINT WARNING * * *
The purple ugly thing basks in the mutagenic energy from its kin and changes! x2
You hear the loud crackling of a distant melting archway.
You feel less invigorated.
You feel less confused.
The white ugly thing basks in the mutagenic energy from its kin and changes!
It was a potion of degeneration.
There was something very wrong with that liquid.
You feel weakened.
You feel dopey.
You feel clumsy. The white ugly thing trunk-slaps you!
* * * LOW HITPOINT WARNING * * *
The white ugly thing freezes you! You resist.
* * * LOW HITPOINT WARNING * * *
It was a potion of mutation.
You feel extremely strange.
You feel a little pissed off.
You feel robust. The white ugly thing trunk-slaps you!
You die...

.# ##...######## .#
#?..........# .#
#...........#
.###...........#
.#))...........#
.#)#...........#
.#.#.).........#
..>#...<.......####
.###............@.# .#
#.........)[##u###### ##
##
#########...#.uY#...#...
#.#...#O#.#...
#..###†.#..# #.. #O....#
#... #'.....'#
#...#...#####...#
#.#...#. ......


You could see 2 ugly things, a two-headed ogre and an ice beast.

Vanquished Creatures
  Erolcha (D:11)
  2 two-headed ogres
  Pikel (D:7)
  An ugly thing (D:10)
  Maurice (D:9)
  Joseph (D:7)
  Maggie (D:9)
  2 trolls
  4 hippogriffs
  A hornet (D:9)
  Prince Ribbit (D:9)
  A wyvern (D:8)
  A vampire (D:10)
  A wraith (D:11)
  6 yaks (D:9)
  Grum (D:11)
  2 wargs (D:11)
  A water moccasin (D:9)
  3 orc warriors
  A sky beast (D:7)
  2 black bears
  An eye of draining (D:11)
  3 ice beasts
  A phantom (D:5)
  2 necrophages (D:11)
  4 centaurs
  7 ogres
  2 wolves (D:11)
  2 crocodiles
  5 bullfrogs
  Blork the orc (D:5)
  2 scorpions (D:9)
  A killer bee (D:8)
  5 wights (D:6)
  A bullfrog zombie (D:11)
  2 jellies
  A quasit (D:7)
  3 centaur zombies
  9 orc wizards
  6 orc priests
  5 hounds
  2 iguanas
  Natasha (thrice) (D:4)
  9 worker ants
  4 hound zombies
  A worker ant zombie (D:6)
  8 gnolls
  A howler monkey skeleton (D:5)
  11 adders
  A shadow imp (D:9)
  3 white imps
  2 ufetubi
  An ooze (D:1)
  An adder zombie (D:8)
  2 adder skeletons (D:6)
  2 dart slugs
  3 worms
  3 leopard geckos
  27 orcs
  5 ball pythons
  5 bats
  8 giant cockroaches
  10 hobgoblins
  9 jackals
  2 quokkas
  4 frilled lizards
  9 goblins
  9 kobolds
  2 leopard gecko skeletons
  15 rats
260 creatures vanquished.

Vanquished Creatures (others)
  3 fungi (D:9)
  4 plants (D:9)
  4 toadstools (D:3)
11 creatures vanquished.

Grand Total: 271 creatures vanquished

Notes
Turn   | Place    | Note
-------+----------+-------------------------------------------
     0 | D:1      | kae the Naga Transmuter began the quest for the Orb.
     0 | D:1      | Reached XP level 1. HP: 18/18 MP: 3/3
   221 | D:1      | Reached XP level 2. HP: 19/25 MP: 3/5
  1448 | D:1      | Reached XP level 3. HP: 18/31 MP: 4/6
  1453 | D:1      | Learned a level 3 spell: Spider Form
  2460 | D:2      | Found an opulent altar of Gozag.
  2498 | D:2      | Reached XP level 4. HP: 36/38 MP: 5/7
  3760 | D:2      | Reached XP level 5. HP: 22/44 MP: 8/8
  4261 | D:3      | Found a broken altar of Ashenzari.
  5061 | D:4      | Reached skill level 5 in Unarmed Combat
  5066 | D:4      | Reached XP level 6. HP: 48/51 MP: 2/9
  5137 | D:4      | Noticed Natasha
  5144 | D:4      | Killed Natasha
  5262 | D:4      | Noticed Natasha
  5269 | D:4      | Killed Natasha
  6037 | D:4      | Found a shimmering blue altar of Sif Muna.
  6087 | D:4      | Noticed Natasha
  6096 | D:4      | Killed Natasha
  6096 | D:4      | Reached skill level 5 in Transmutations
  6450 | D:5      | Entered Level 5 of the Dungeon
  6511 | D:5      | Found a radiant altar of Vehumet.
  6662 | D:5      | Reached XP level 7. HP: 37/57 MP: 8/10
  7112 | D:5      | Noticed Blork the orc
  7123 | D:5      | Killed Blork the orc
  7486 | D:6      | Reached XP level 8. HP: 40/64 MP: 8/11
  7883 | D:6      | Found a hazy altar of Hepliaklqana.
  7883 | D:6      | Found a snail-covered altar of Cheibriados.
  8203 | D:6      | Found a shimmering altar of Xom.
  8601 | D:7      | Noticed Joseph
  8610 | D:7      | Noticed a hippogriff
  8617 | D:7      | Killed Joseph
  8617 | D:7      | Reached XP level 9. HP: 42/70 MP: 9/12
  8709 | D:7      | Found Geclistro's Lightly-Used Armoury.
  8804 | D:7      | Found a transporter.
  8806 | D:7      | Found a transporter.
  8806 | D:7      | Noticed HunterMK's ghost (novice FoFi)
  8958 | D:7      | Found a staircase to the Ecumenical Temple.
  8980 | D:7      | Noticed Pikel
  9021 | D:7      | Killed Pikel
  9392 | D:7      | Reached skill level 10 in Unarmed Combat
  9555 | Temple   | Entered the Ecumenical Temple
  9706 | D:6      | Became a worshipper of Cheibriados the Contemplative
  9933 | D:8      | Reached skill level 10 in Transmutations
  9933 | D:8      | Reached XP level 10. HP: 68/78 MP: 10/13
 10407 | D:8      | Reached * piety under Cheibriados
 10500 | D:9      | Found a staircase to the Lair.
 10652 | D:8      | Learned a level 5 spell: Blade Hands
 10730 | D:9      | Noticed Maggie
 10730 | D:9      | Noticed Maurice
 10742 | D:9      | Killed Maurice
 10745 | D:9      | Killed Maggie
 11235 | D:9      | Found a white marble altar of Elyvilon.
 11237 | D:9      | Found a glowing silver altar of Zin.
 11238 | D:9      | Found a glowing golden altar of the Shining One.
 11293 | D:9      | Reached ** piety under Cheibriados
 11335 | D:9      | Noticed a two-headed ogre
 11493 | D:9      | Noticed Prince Ribbit
 11507 | D:9      | Killed Prince Ribbit
 11552 | D:9      | Found an iron altar of Okawaru.
 11567 | D:9      | Learned a level 4 spell: Ice Form
 12033 | D:9      | Killed a two-headed ogre
 12033 | D:9      | Reached XP level 11. HP: 27/84 MP: 12/17
 12193 | D:9      | Reached skill level 5 in Dodging
 12315 | D:10     | Entered Level 10 of the Dungeon
 12316 | D:10     | Identified a scroll of acquirement
 12316 | D:10     | Acquired 525 gold pieces
 12466 | D:10     | Found Nesmeos's General Store.
 12577 | D:10     | Noticed a green ugly thing
 12586 | D:10     | Killed a green ugly thing
 13201 | D:11     | Noticed a two-headed ogre
 13337 | D:11     | Noticed Erolcha
 13338 | D:11     | Noticed Grum
 13341 | D:11     | Killed Erolcha
 13341 | D:11     | Reached skill level 5 in Fighting
 13345 | D:11     | Reached *** piety under Cheibriados
 13363 | D:11     | Killed Grum
 13363 | D:11     | Reached skill level 1 in Invocations
 13494 | D:11     | Found a staircase to the Orcish Mines.
 13528 | D:11     | Noticed a two-headed ogre
 13536 | D:11     | Killed a two-headed ogre
 13536 | D:11     | Reached skill level 5 in Invocations
 13720 | D:11     | Noticed a brown ugly thing
 13720 | D:11     | Noticed a purple ugly thing
 13723 | D:11     | Reached **** piety under Cheibriados
 13737 | D:11     | Gained mutation: You tend to lose your temper in combat.
                  | [potion of mutation]
 13737 | D:11     | Gained mutation: You are robust. (+10% HP) [potion of
                  | mutation]
 13737 | D:11     | Slain by a white ugly thing

Illustrated notes

Levels and vault maps discovered:
D:1:      dpeg_arrival_water_temple_mockup, layout_loops_corners,
          due_unseen_surprise
D:2:      layout_loops_corners, grunt_gozag_statues
D:3:      layout_loops_ring, ebering_dispersal_statue_hall,
          minmay_gold_behind_fungi, cheibrodos_ashenzari_chains
D:4:      layout_layer_cave, lemuel_blue_sif_altar, uniq_natasha
D:5:      layout_basic, lemuel_crystal_altar, uniq_blork_the_orc
D:6:      layout_basic, xom_teletrap_fun, gammafunk_temple_overflow_pools,
          st_stairs_5, hangedman_abyss_or_decor_stabs,
          chequers_serial_rivers_small_a, chequers_mini_garden,
          chequers_arboretum
D:7:      layout_basic, minmay_temple_entry_drinking_statues,
          gammafunk_ghost_mausoleum, minmay_shop_damaged, uniq_pikel,
          uniq_joseph
D:8:      layout_rooms, kennysheep_generic_room_6
D:9:      layout_roguey, good_gods_temple_1, kennysheep_okawaru_gauntlet,
          dpeg_oklobed_lair, kennysheep_minor_cross, uniq_prince_ribbit1,
          uniq_maggie, uniq_maurice
D:10:     layout_roguey, serial_shops, shop_fountains
D:11:     layout_roguey, minmay_orc_entry_guard_dogs, basic_altar,
          portal_ice_cave_entry_ice_beasts, minmay_fractal_squares_diagonal_5,
          uniq_erolcha, uniq_grum
Temple:   nicolae_temple_hex_pool

Skill      XL: |  1  2  3  4  5  6  7  8  9 10 11 |
---------------+----------------------------------+-----
Transmutations | 3 4 5 6 8 10 11 | 11.0
Unarmed Combat | 4 5 6 8 10 11 | 11.0
Spellcasting   | 4 |  4.0
Dodging        | 4 5 |  5.0
Fighting       | 6 |  6.0
Invocations    | 5 |  5.9

Action                   |  1- 3 |  4- 6 |  7- 9 | 10-12 || total
-------------------------+-------+-------+-------+-------++-------
Melee: Mace              |   102 |   163 |    50 |       ||   315
       Headbutt          |     7 |    24 |     4 |       ||    35
       Unarmed           |       |    22 |   181 |   248 ||   451
       Punch             |       |     1 |     5 |    15 ||    21
 Cast: Beastly Appendage |    24 |    40 |     7 |       ||    71
       Spider Form       |       |     4 |    28 |     8 ||    40
       Blade Hands       |       |       |       |    33 ||    33
       Ice Form          |       |       |       |     2 ||     2
 Abil: Spit Poison       |    22 |    18 |     4 |     4 ||    48
Evoke: Wand              |       |       |       |     1 ||     1
  Use: Scroll            |       |    14 |     6 |    10 ||    30
       Potion            |       |       |     5 |     5 ||    10
Armor: Robe              |    31 |    46 |    20 |    30 ||   127
       Skin              |       |     1 |    12 |    16 ||    29
Dodge: Dodged            |    98 |   154 |   188 |   176 ||   616

Table legend: (Time is in decaauts)
 A = Elapsed time spent in this place.
 B = Non-inter-level travel time spent in this place.
 C = Inter-level travel time spent in this place.
 D = Time resting spent in this place.
 E = Time spent auto-exploring this place.
 F = Levels seen in this place.
 G = Mean time per level.
                   A        B        C        D        E       F      G
               +--------+--------+--------+--------+--------+-----+--------+
         Total |  17589 |  16754 |    835 |   1094 |  13262 |  12 | 1465.8 |
       Dungeon |  17448 |  16641 |    807 |   1094 |  13149 |  11 | 1586.2 |
        Temple |    141 |    114 |     27 |      0 |    113 |   1 |  141.0 |
               +--------+--------+--------+--------+--------+-----+--------+

Top non-repeatable levels by time:
     D:1: 2886 daAuts
     D:9: 2333 daAuts
     D:4: 2028 daAuts
     D:2: 1849 daAuts
    D:10: 1459 daAuts
     D:7: 1405 daAuts
     D:6: 1331 daAuts
     D:3: 1237 daAuts
     D:8: 1233 daAuts
     D:5: 1093 daAuts
    D:11: 589 daAuts
  Temple: 141 daAuts
